 Dungeon Crawl Stone Soup version 0.27-a0-1139-g28e009f8a6 (webtiles) character file.

Game seed: 15304993363424451217

10249 BigRedEye the Basher (level 11, -8/67 HPs)
             Began as a Gargoyle Fighter on May 8, 2021.
             Was a High Priest of Okawaru.
             Mangled by a red ugly thing (22 damage)
             ... on level 9 of the Dungeon.
             The game lasted 00:23:33 (10278 turns).

BigRedEye the Basher (Gargoyle Fighter)            Turns: 10278, Time: 00:23:33

Health: -8/67      AC: 25    Str: 24    XL:     11   Next: 59%
Magic:  11/11      EV: 11    Int:  8    God:    Okawaru [*****.]
Gold:   523        SH:  0    Dex: 15    Spells: 10/10 levels left

rFire    . . .     SeeInvis .   a - +1 flail
rCold    . . .     Faith    .   (no shield)
rNeg     + . .     Spirit   .   u - +0 plate armour
rPois    ∞         Reflect  .   v - +0 helmet
rElec    +         Harm     .   (no cloak)
rCorr    .         Rampage  .   F - +0 pair of gloves
Will     .....                  (no boots)
Stlth    ..........             m - amulet of regeneration
HPRegen  1.21/turn              D - +6 ring of dexterity
MPRegen  0.12/turn              A - +4 ring of evasion

@: no status effects
A: sickness immunity, AC +8, negative energy resistance 1, electricity
resistance, torment resistance 1, unbreathing 1, petrification resistance
a: Renounce Religion, Heroism, Finesse


You were on level 9 of the Dungeon.
You worshipped Okawaru.
Okawaru was extremely pleased with you.
You visited 1 branch of the dungeon, and saw 11 of its levels.
You also visited: Sewer.

You collected 523 gold pieces.

Inventory:

Hand Weapons
 a - a +1 flail (weapon)
 t - a +0 great mace
 H - the +1 whip "Abriqykk" {antimagic, *Corrode Int+5}
   (You found it on level 8 of the Dungeon)

   It reduces the magical energy of the wielder, and disrupts the spells and
   magical abilities of those hit.
   Natural abilities and divine invocations are not affected.
   It affects your intelligence (+5).
   It may corrode you when you take damage.
Missiles
 B - a curare-tipped dart (quivered)
Armour
 b - a +0 scale mail
 c - a +0 kite shield
 u - a +0 plate armour (worn)
 v - a +0 helmet (worn)
 F - a +0 pair of gloves (worn)
Jewellery
 m - an amulet of regeneration (around neck)
 y - a +6 ring of intelligence
 A - a +4 ring of evasion (right hand)
 D - a +6 ring of dexterity (left hand)
 K - a ring of wizardry
Wands
 d - a wand of charming (6)
Scrolls
 f - a scroll of vulnerability {unknown}
 g - 6 scrolls of identify
 h - 2 scrolls of amnesia
 j - 10 scrolls of teleportation
 p - 2 scrolls of enchant weapon
 q - 2 scrolls of magic mapping
 x - a scroll of summoning
 C - 2 scrolls of fear
 G - a scroll of fog
 I - 2 scrolls of holy word
Potions
 e - a potion of cancellation {unknown}
 i - a potion of resistance {unknown}
 k - 5 potions of haste {unknown}
 l - 2 potions of brilliance {unknown}
 n - a potion of ambrosia {unknown}
 o - 6 potions of curing
 r - a potion of might
 s - 2 potions of flight {unknown}
 w - 3 potions of lignification {unknown}
 z - 4 potions of degeneration {unknown}
 E - a potion of attraction {unknown}
 J - a potion of mutation {unknown}


   Skills:
 + Level 7.3 Fighting
 - Level 14.0 Maces & Flails
 - Level 10.3 Armour
 - Level 3.2 Shields


You had 10 spell levels left.
You didn't know any spells.
Your spell library contained the following spells:

 Spells                   Type           Power      Damage    Failure   Level
 Sting                    Tmut/Pois      0%         1d3       99%         1
 Poisonous Vapours        Pois/Air       0%         N/A       100%        2
 Ignite Poison            Fire/Tmut/Pois 0%         N/A       100%        3
 Mephitic Cloud           Conj/Pois/Air  0%         N/A       100%        3
 Dispel Undead            Necr           0%         3d6       100%        4
 Olgreb's Toxic Radiance  Pois           0%         N/A       100%        4
 Agony                    Necr           0%         N/A       100%        5
 Sublimation of Blood     Necr           Unusable   N/A       N/A         2

Dungeon Overview and Level Annotations

Branches:
Dungeon (11/15)            Temple (0/1) D:7            Lair (0/6) D:9
    Orc (0/2) D:11          Sewer (visited)

Altars:
Cheibriados
Elyvilon
Gozag
Kikubaaqudgha
Nemelex Xobeh
Okawaru
Qazlal
Ru
Sif Muna
Uskayaw
The Shining One

Shops:
D:2 [*:=:   D:8 [


Innate Abilities, Weirdness & Mutations

You are immune to sickness and miasma.
Your stone body is resilient. (AC +8)
You are immune to poison.
You resist negative energy. (rN+)
You are resistant to electric shocks. (rElec)
You are resistant to unholy torment.
You can survive without breathing.
You are immune to petrification.


Message History

The cyan very ugly thing claws you!
* * * LOW HITPOINT WARNING * * *
The cyan very ugly thing shocks you! You resist.
* * * LOW HITPOINT WARNING * * *
You thump the cyan very ugly thing!
You kill the cyan very ugly thing!
Okawaru is honoured by your kill.
Your Fighting skill increases to level 7!
You start resting.
HP restored.
You climb downwards.
The purple ugly thing barely misses you.
There is a stone staircase leading up here.
You hit the purple ugly thing.
The purple ugly thing is lightly wounded.
The purple ugly thing bites you but does no damage.
You hit the purple ugly thing but do no damage.
The purple ugly thing is lightly wounded.
The purple ugly thing barely misses you.
You hit the purple ugly thing.
The purple ugly thing is lightly wounded.
The purple ugly thing closely misses you.
You hit the purple ugly thing.
The purple ugly thing is lightly wounded.
The purple ugly thing bites you. The red ugly thing engulfs you!
You are engulfed in flames!
The kobold misses you.
The howler monkey hoots and howls with incredible vigour!
You hear a shout! x2
You climb upwards.
There is a stone staircase leading down here.
The red ugly thing engulfs you.
You are engulfed in flames!
The kobold closely misses you.
The purple ugly thing basks in the mutagenic energy from its kin and changes!
The red ugly thing engulfs you.
You are engulfed in flames!!
* * * LOW HITPOINT WARNING * * *
The red ugly thing engulfs you but does no damage.
The red ugly thing engulfs you.
* * * LOW HITPOINT WARNING * * *
You are engulfed in flames!!
You die...

......######.....................
......# ###########...........
......# ##.......... .>....#
###'####### ###.### #....## #..#
####..# ####.## ###.##
......#####################....#
..........K.u..u@..............#
......#####################....#
......# #....# ......# #....#
......# #....# ......# ######
......# #######


You could see 2 ugly things and a kobold.

Vanquished Creatures
  A very ugly thing (D:9)
  Erolcha (D:9)
  3 two-headed ogres
  2 ugly things
  A troll (D:10)
  4 yaks (D:10)
  Menkaure (D:5)
  An acid dragon (D:9)
  3 water moccasins
  A hornet zombie (D:8)
  4 orc warriors
  3 ice beasts
  2 ogres
  3 sky beasts
  7 necrophages
  2 black bears
  5 centaurs
  A phantom (D:6)
  2 bullfrogs
  4 kobold brigands
  A scorpion (D:4)
  A water moccasin skeleton (D:7)
  9 killer bees
  An electric eel (D:8)
  2 howler monkeys
  3 centaur zombies
  2 hounds
  A jelly (D:6)
  A human zombie (D:8)
  3 orc priests
  2 centaur skeletons (D:7)
  An iguana (D:6)
  A scorpion zombie (D:3)
  Natasha (twice) (D:4)
  10 orc wizards
  2 killer bee zombies (D:8)
  A mummy (D:8)
  A howler monkey zombie (D:8)
  4 gnolls (D:4)
  9 adders
  2 howler monkey skeletons
  4 river rats
  A shadow imp (D:7)
  An adder skeleton (D:4)
  A worm (D:2)
  3 dart slugs
  19 orcs
  11 endoplasms
  5 giant cockroaches
  9 goblins
  6 hobgoblins
  29 kobolds
  2 quokkas (D:1)
  10 ball pythons
  2 bats
  5 frilled lizards
  29 rats
247 creatures vanquished.

Vanquished Creatures (collateral kills)
  Natasha (D:4)
1 creature vanquished.

Vanquished Creatures (others)
  2 orc wizards
2 creatures vanquished.

Grand Total: 250 creatures vanquished

Notes
Turn   | Place    | Note
-------+----------+-------------------------------------------
     0 | D:1      | BigRedEye the Gargoyle Fighter began the quest for the Orb.
     0 | D:1      | Reached XP level 1. HP: 14/14 MP: 1/1
   330 | D:1      | Reached XP level 2. HP: 19/19 MP: 2/2
   759 | D:1      | Reached skill level 3 in Maces & Flails
   876 | D:1      | Reached XP level 3. HP: 23/23 MP: 3/3
  1505 | D:2      | Found Gitonne's Assorted Antiques.
  1663 | D:2      | Found Eptuk's Book Shoppe.
  1670 | D:2      | Found Rinuc's Jewellery Shop.
  1700 | D:2      | Reached XP level 4. HP: 26/28 MP: 4/4
  1752 | D:2      | Found a faded altar of an unknown god.
  1810 | D:2      | Found a stormy altar of Qazlal.
  2025 | D:2      | Found Bomiockutiu's Book Shop.
  2390 | D:2      | Found Syjeock's Antique Armour Boutique.
  2657 | D:3      | Reached skill level 4 in Maces & Flails
  2657 | D:3      | Reached XP level 5. HP: 32/32 MP: 5/5
  2679 | D:3      | Found a glowing golden altar of the Shining One.
  3080 | D:3      | Found a shimmering blue altar of Sif Muna.
  3128 | D:3      | Reached skill level 5 in Maces & Flails
  3128 | D:3      | Reached XP level 6. HP: 30/37 MP: 6/6
  3216 | D:3      | Found a white marble altar of Elyvilon.
  3575 | D:4      | Noticed a necrophage
  3595 | D:4      | Killed a necrophage
  3596 | D:4      | Reached skill level 5 in Armour
  3610 | D:4      | Noticed a +0 spear
  3611 | D:4      | Noticed a +0 falchion
  3611 | D:4      | Noticed a +0 falchion
  3612 | D:4      | Noticed a +0 dagger
  3612 | D:4      | Noticed a +0 dagger
  3612 | D:4      | Noticed a +0 spear
  3612 | D:4      | Noticed a +0 short sword
  3613 | D:4      | Noticed a +0 short sword
  3642 | D:4      | Found a hide-covered altar of Uskayaw.
  3713 | D:4      | Noticed Natasha
  3778 | D:4      | Reached skill level 6 in Maces & Flails
  3783 | D:4      | Reached XP level 7. HP: 36/41 MP: 7/7
  3828 | D:4      | Found a glowing drain.
  3832 | Sewer    | Entered a sewer
  4502 | D:4      | Killed Natasha
  4756 | D:4      | Reached skill level 7 in Maces & Flails
  4834 | D:4      | Noticed Natasha
  4842 | D:4      | Killed Natasha
  4960 | D:4      | Noticed Natasha
  4970 | D:4      | Killed Natasha
  5088 | D:5      | Entered Level 5 of the Dungeon
  5307 | D:5      | Reached XP level 8. HP: 44/46 MP: 8/8
  5318 | D:5      | Noticed Menkaure
  5326 | D:5      | Killed Menkaure
  5327 | D:5      | Reached skill level 8 in Maces & Flails
  6026 | D:6      | Reached skill level 9 in Maces & Flails
  6067 | D:6      | Reached XP level 9. HP: 51/51 MP: 9/9
  6331 | D:6      | Found a stormy altar of Qazlal.
  6354 | D:6      | Found an iron altar of Okawaru.
  6499 | D:6      | Found an opulent altar of Gozag.
  6509 | D:6      | Reached skill level 10 in Maces & Flails
  6640 | D:6      | Became a worshipper of Warmaster Okawaru
  6973 | D:7      | Found a sparkling altar of Nemelex Xobeh.
  7183 | D:7      | Found a staircase to the Ecumenical Temple.
  7738 | D:7      | Reached * piety under Okawaru
  7833 | D:8      | Reached skill level 11 in Maces & Flails
  7860 | D:8      | Noticed a troll
  7861 | D:8      | Noticed a tengu warrior
  7866 | D:8      | Noticed a centaur warrior
  7867 | D:8      | Noticed a centaur warrior
  7867 | D:8      | Noticed a fire crab
  7867 | D:8      | Noticed a komodo dragon
  7867 | D:8      | Noticed a boulder beetle
  7875 | D:8      | Identified the +1 whip "Abriqykk" {antimagic, *Corrode
                  | Int+5}
  7914 | D:8      | Noticed a gargoyle
  7915 | D:8      | Noticed a harpy
  7935 | D:8      | Found a snail-covered altar of Cheibriados.
  7935 | D:8      | Found Cheibriados's Comfort Zone.
  8011 | D:8      | Reached XP level 10. HP: 56/56 MP: 10/10
  8168 | D:8      | Found an ancient bone altar of Kikubaaqudgha.
  8231 | D:8      | Reached ** piety under Okawaru
  8481 | D:8      | You fall into a shaft and drop 3 floors!
  8481 | D:11     | Found a staircase to the Orcish Mines.
  8505 | D:11     | Noticed a gargoyle
  8523 | D:10     | Entered Level 10 of the Dungeon
  8526 | D:10     | Found a sacrificial altar of Ru.
  8590 | D:9      | Noticed a two-headed ogre
  8601 | D:9      | Killed a two-headed ogre
  8601 | D:9      | Reached *** piety under Okawaru
  8602 | D:9      | Reached skill level 12 in Maces & Flails
  8602 | D:9      | Reached skill level 10 in Armour
  9030 | D:9      | Identified Sif Muna's Collected Works on Darkness
  9104 | D:9      | Reached **** piety under Okawaru
  9121 | D:9      | Found a staircase to the Lair.
  9365 | D:9      | Noticed Erolcha
  9410 | D:9      | Killed Erolcha
  9411 | D:9      | Reached skill level 13 in Maces & Flails
  9911 | D:10     | Noticed a two-headed ogre
  9920 | D:10     | Killed a two-headed ogre
  9921 | D:10     | Reached XP level 11. HP: 28/60 MP: 11/11
  9982 | D:10     | Noticed a two-headed ogre
  9985 | D:10     | Reached ***** piety under Okawaru
 10010 | D:10     | Killed a two-headed ogre
 10011 | D:10     | Reached skill level 14 in Maces & Flails
 10011 | D:10     | Noticed a red ugly thing
 10055 | D:9      | Killed a red ugly thing
 10056 | D:9      | Reached skill level 5 in Fighting
 10145 | D:10     | Noticed a purple ugly thing
 10146 | D:10     | Noticed a cyan ugly thing
 10150 | D:10     | Noticed a purple very ugly thing
 10152 | D:10     | Noticed a green ugly thing
 10154 | D:10     | Noticed a red ugly thing
 10169 | D:10     | Killed a cyan ugly thing
 10187 | D:10     | Noticed a red ugly thing
 10201 | D:9      | HP: 3/64 [cyan very ugly thing (7)]
 10202 | D:9      | Killed a cyan very ugly thing
 10266 | D:9      | HP: 3/67 [red ugly thing (19)]
 10278 | D:9      | Mangled by a red ugly thing

Illustrated notes

Levels and vault maps discovered:
D:1:      co_arrival_random_square_maze, layout_loops_ring
D:2:      minmay_evil_eye, layout_basic, ebering_ecumenical_altar_mist,
          basic_altar, serial_shops, nicolae_shop_statue_plus,
          nicolae_shop_trees, shop, shop, shop
D:3:      layout_basic, tso_oasis_becter, kennysheep_orc_sif_temple,
          nicolae_overflow_crystal_walls
D:4:      layout_basic, nicolae_uskayaw_en_pointe, gup_sewer_entry_bowl,
          uniq_natasha
D:5:      layout_cave_pods, chequers_serial_rivers_micro_a, uniq_menkaure
D:6:      layout_loops_cross, overflow_temple_1_default, grunt_gozag_statues,
          okawaru_ov_weapons_minmay, corexii_shack
D:7:      layout_cave_pods, kennysheep_mini, minmay_temple_entry_sparse_star
D:8:      layout_loops_ring, lemuel_mausoleum_altar_kikubaaqudgha,
          minmay_misc_feat_diagonals, minmay_misc_feat_plants, minmay_shop_chei,
          minivault_14, minivault_12
D:9:      layout_roguey, lair_entry_dummy, uniq_erolcha
D:10:     cheibrodos_breeding_chamber, layout_loops_corners,
          nicolae_overflow_hidden_temple
D:11:     layout_cave_pools, orc_0_dummy, uniq_urug

Skill      XL: |  1  2  3  4  5  6  7  8  9 10 11 |
---------------+----------------------------------+-----
Maces & Flails | 3 4 5 6 7 9 11 13 14 | 14.0
Armour         | 4 5 6 7 9 10 | 10.3
Fighting       | 7 |  7.3
Shields        | |  3.2

Action                   |  1- 3 |  4- 6 |  7- 9 | 10-12 || total
-------------------------+-------+-------+-------+-------++-------
Melee: Flail             |   121 |   196 |   592 |   362 ||  1271
Invok: Heroism           |       |       |       |     1 ||     1
  Use: Potion            |       |     1 |       |     7 ||     8
       Scroll            |       |     2 |     5 |     5 ||    12
Armor: Scale mail        |    77 |   190 |   162 |       ||   429
       Plate armour      |       |       |   469 |   226 ||   695
Dodge: Dodged            |    61 |   128 |   460 |   177 ||   826

Table legend: (Time is in decaauts)
 A = Elapsed time spent in this place.
 B = Non-inter-level travel time spent in this place.
 C = Inter-level travel time spent in this place.
 D = Time resting spent in this place.
 E = Time spent auto-exploring this place.
 F = Levels seen in this place.
 G = Mean time per level.
                   A        B        C        D        E       F      G
               +--------+--------+--------+--------+--------+-----+--------+
         Total |  10273 |   9898 |    375 |    303 |   6961 |  12 |  856.1 |
       Dungeon |   9617 |   9242 |    375 |    303 |   6621 |  11 |  874.3 |
         Sewer |    655 |    655 |      0 |      0 |    339 |   1 |  655.0 |
               +--------+--------+--------+--------+--------+-----+--------+

Top non-repeatable levels by time:
     D:2: 1367 daAuts
     D:1: 1226 daAuts
     D:4: 1042 daAuts
     D:8: 1030 daAuts
     D:7: 924 daAuts
     D:3: 906 daAuts
     D:5: 882 daAuts
     D:6: 754 daAuts
    D:10: 722 daAuts
     D:9: 720 daAuts
   Sewer: 655 daAuts
    D:11: 40 daAuts
